 Dungeon Crawl Stone Soup version 0.27-a0-1334-g2746e35 (webtiles) character file.

Game seed: 17053708767284934725

19131 HDogLeCool the Cleaver (level 12, -1/110 HPs)
             Began as a Minotaur Berserker on June 24, 2021.
             Was a High Priest of Trog.
             Succumbed to barbed spike wounds
             ... on level 11 of the Dungeon on June 26, 2021.
             The game lasted 00:27:30 (12372 turns).

HDogLeCool the Cleaver (Minotaur Berserker)        Turns: 12372, Time: 00:27:30

Health: -1/110     AC: 17    Str: 25    XL:     12   Next: 33%
Magic:  11/11      EV: 10    Int:  4    God:    Trog [*****.]
Gold:   552        SH: 19    Dex: 18    Spells: 11/11 levels left

rFire    x . .     SeeInvis .   w - +1 hand axe (elec)
rCold    + + .     Faith    .   B - +0 kite shield
rNeg     . . .     Spirit   .   u - +0 ice dragon scales
rPois    +         Reflect  +   (helmet restricted)
rElec    .         Harm     .   K - +1 cloak {rCorr}
rCorr    +         Rampage  .   (no gloves)
Will     .....                  x - +0 pair of boots
Stlth    ..........             n - amulet of reflection
HPRegen  0.28/turn              G - ring of poison resistance
MPRegen  0.12/turn              q - +6 ring of dexterity

@: mighty, spiked, on berserk cooldown, hasted, very quick
A: horns 2, retaliatory headbutt
a: Renounce Religion, Berserk, Trog's Hand, Brothers in Arms


You were on level 11 of the Dungeon.
You worshipped Trog.
Trog was extremely pleased with you.
You visited 2 branches of the dungeon, and saw 13 of its levels.

You collected 552 gold pieces.

Inventory:

Hand Weapons
 k - a +3 scimitar of flaming
 w - a +1 hand axe of electrocution (weapon)
 H - the +1 broad axe of the Moth {chaos, SInv}
   (You found it on level 8 of the Dungeon)

   Each time it hits an enemy it has a different, random effect.
   It lets you see invisible.
Missiles
 p - 34 poisoned darts
 s - a throwing net
 y - 3 curare-tipped darts
Armour
 a - +0 steam dragon scales
 f - +0 acid dragon scales
 u - +0 ice dragon scales (worn)
 v - a +2 leather armour of cold resistance
 x - a +0 pair of boots (worn)
 B - a +0 kite shield (worn)
 D - a +4 chain mail of willpower
 K - a +1 cloak of preservation (worn)
 P - a +0 plate armour
Jewellery
 c - an amulet of guardian spirit
 e - a ring of flight
 n - an amulet of reflection (around neck)
 q - a +6 ring of dexterity (right hand)
 C - a ring of protection from cold
 G - a ring of poison resistance (left hand)
Wands
 j - a wand of paralysis (8)
 o - a wand of flame (25)
 t - a wand of iceblast (20)
Scrolls
 b - 3 scrolls of magic mapping {unknown}
 h - a scroll of teleportation
 i - 2 scrolls of identify
 m - 3 scrolls of blinking {unknown}
Potions
 d - a potion of berserk rage {unknown}
 g - a potion of invisibility
 l - 3 potions of flight
 r - a potion of lignification
 z - 2 potions of might
 A - 3 potions of curing
 E - a potion of magic
 F - 2 potions of heal wounds
 J - 2 potions of attraction
 L - a potion of brilliance {unknown}
 O - 3 potions of mutation
 Q - a potion of cancellation


   Skills:
 + Level 11.1 Fighting
 - Level 14.0 Axes
 + Level 10.9 Armour
 - Level 2.1 Dodging
 * Level 13.0 Shields


You had 11 spell levels left.
You didn't know any spells.
Your spell library was empty.

Dungeon Overview and Level Annotations

Branches:
Dungeon (11/15)            Temple (0/1) D:5            Lair (2/6) D:9
  Swamp: Lair:2-4    Shoals: Lair:2-4     Snake: Lair:2-4    Spider: Lair:2-4
    Orc: D:9-12

Altars:
Dithmenos
Elyvilon
Gozag
Hepliaklqana
Kikubaaqudgha
Makhleb
Okawaru
Ru
Sif Muna
Xom
Zin
The Shining One

Annotations:
D:9 exclusion: ice statue
Lair:1 exclusion: oklob plant


Innate Abilities, Weirdness & Mutations

You have a pair of horns on your head.
You reflexively headbutt those who attack you in melee.


Message History

You slash the yak! Lightning courses through the yak!
The yak is almost dead.
You slash the yak!
You kill the yak!
Trog accepts your kill.
You barely miss the killer bee. You barely miss the yak. You headbutt the yak.
You kill the yak!
Trog accepts your kill.
You closely miss the killer bee. You slash the manticore!
You kill the manticore!
Trog accepts your kill. You block the killer bee's attack.
Your Shields skill increases to level 13!
You closely miss the killer bee.
The killer bee is heavily wounded.
You block the killer bee's attack.
You slash the killer bee!
You kill the killer bee!
Trog accepts your kill.
You are too injured to fight recklessly!
The barbs in your skin will harm you if you move.
Continue?
The barbed spikes dig painfully into your body as you move.
* * * LOW HITPOINT WARNING * * *
Things that are here:
a killer bee corpse; a killer bee corpse; a killer bee corpse The barbed spikes dig painfully into your body as you move.
* * * LOW HITPOINT WARNING * * *
The barbed spikes dig painfully into your body as you move.
* * * LOW HITPOINT WARNING * * *
The barbed spikes dig painfully into your body as you move.
* * * LOW HITPOINT WARNING * * *
Items here: ( ) [ †.
The barbed spikes dig painfully into your body as you move.
* * * LOW HITPOINT WARNING * * *
The cyclops throws a large rock.
The large rock closely misses you.
The barbed spikes dig painfully into your body as you move.
* * * LOW HITPOINT WARNING * * *
The barbed spikes dig painfully into your body as you move.
You die...

. #.).......# #.
#.†........
.##.###†>...C...#
[.#...#..#)......
.................
.......))#.####..
.##........#####.
####...........
#......@........
..###..<.."...#. .
#.........##.#......
#.........##..#...#.
....................[
###...................
##....#....#........
.......##..........
............../....


You could see a cyclops.

Vanquished Creatures
  2 hydras (Lair:1)
  Harold (D:11)
  Erica (D:8)
  A two-headed ogre (D:11)
  A centaur warrior (D:8)
  A tengu warrior (D:10)
  A death yak (D:9)
  Urug (D:11)
  Nergalle (D:11)
  A manticore (D:11)
  Maurice (D:9)
  Joseph (D:7)
  2 cane toads (Lair:1)
  2 komodo dragons (Lair:1)
  A tengu conjurer (D:10)
  Grinder (D:4)
  3 wyverns
  A wraith (D:10)
  20 yaks
  A steam dragon (D:9)
  Grum (D:8)
  4 vampire mosquitoes (D:11)
  An acid dragon (D:10)
  2 water moccasins
  An ice beast (D:7)
  6 orc warriors
  2 black bears (D:7)
  2 necrophages
  3 sky beasts
  2 ogres
  3 wolves (D:8)
  A phantom (D:5)
  3 centaurs
  Blork the orc (D:5)
  8 bullfrogs
  A scorpion (D:6)
  A water moccasin zombie (D:6)
  A wyvern skeleton (D:6)
  16 killer bees
  3 wights (D:7)
  2 howler monkeys
  3 crimson imps (D:9)
  4 jellies
  2 hounds
  4 orc priests
  Ijyb (D:3)
  Terence (D:3)
  5 iguanas
  7 orc wizards
  Robin (D:3)
  3 gnolls (D:3)
  3 adders
  2 howler monkey skeletons
  A river rat (D:9)
  A shadow imp (D:5)
  2 worms
  5 dart slugs
  36 orcs
  4 endoplasms
  2 giant cockroaches
  18 goblins
  8 hobgoblins
  9 jackals
  7 quokkas
  A ball python (D:2)
  6 bats
  4 frilled lizards
  6 kobolds
  6 rats
260 creatures vanquished.

Vanquished Creatures (collateral kills)
  2 death yaks (D:9)
  A kobold brigand (D:9)
  A river rat (D:9)
  A kobold (D:9)
5 creatures vanquished.

Vanquished Creatures (others)
  2 fungi
  10 plants
12 creatures vanquished.

Grand Total: 277 creatures vanquished

Notes
Turn   | Place    | Note
-------+----------+-------------------------------------------
     0 | D:1      | HDogLeCool the Minotaur Berserker began the quest for the
                  | Orb.
     0 | D:1      | Reached XP level 1. HP: 19/19 MP: 0/0
   165 | D:1      | Reached skill level 4 in Axes
   309 | D:1      | Reached XP level 2. HP: 27/27 MP: 1/1
  1136 | D:2      | Reached XP level 3. HP: 24/33 MP: 2/2
  1332 | D:2      | Reached ** piety under Trog
  1374 | D:2      | Found a faded altar of an unknown god.
  1608 | D:2      | Found a white marble altar of Elyvilon.
  1775 | D:3      | Noticed Robin
  1781 | D:3      | Killed Robin
  1782 | D:3      | Reached skill level 5 in Axes
  1782 | D:3      | Reached XP level 4. HP: 41/41 MP: 3/3
  2183 | D:3      | Reached *** piety under Trog
  2184 | D:3      | Reached XP level 5. HP: 31/47 MP: 1/4
  2388 | D:3      | Noticed Ijyb
  2401 | D:3      | Killed Ijyb
  2565 | D:3      | Found a shimmering blue altar of Sif Muna.
  2569 | D:3      | Noticed Terence
  2578 | D:3      | Killed Terence
  2579 | D:3      | Reached skill level 5 in Fighting
  2579 | D:3      | Reached skill level 6 in Axes
  2917 | D:4      | Reached XP level 6. HP: 46/56 MP: 3/5
  3151 | D:4      | Noticed Grinder
  3161 | D:4      | Killed Grinder
  3162 | D:4      | Reached skill level 7 in Axes
  3232 | D:4      | Reached skill level 5 in Armour
  3232 | D:4      | Reached XP level 7. HP: 53/62 MP: 4/6
  3551 | D:4      | Reached skill level 1 in Shields
  4015 | D:5      | Entered Level 5 of the Dungeon
  4040 | D:5      | Noticed Blork the orc
  4053 | D:5      | Killed Blork the orc
  4054 | D:5      | Reached skill level 8 in Axes
  4350 | D:5      | Found a staircase to the Ecumenical Temple.
  4374 | D:5      | Found an iron altar of Okawaru.
  4814 | D:5      | Reached XP level 8. HP: 46/71 MP: 3/7
  5666 | D:6      | Reached skill level 9 in Axes
  6028 | D:7      | Reached skill level 5 in Shields
  6045 | D:7      | Noticed Joseph
  6061 | D:7      | Killed Joseph
  6062 | D:7      | Reached XP level 9. HP: 52/79 MP: 4/8
  6350 | D:7      | Identified the +1 leather armour "Wugorr" {Dex+4}
  6433 | D:7      | Reached skill level 10 in Axes
  6763 | D:7      | Reached **** piety under Trog
  6971 | D:7      | Found an opulent altar of Gozag.
  6971 | D:7      | Found a sacrificial altar of Ru.
  8065 | D:8      | Noticed Grum
  8082 | D:8      | Reached skill level 11 in Axes
  8095 | D:8      | Killed Grum
  8213 | D:8      | Reached XP level 10. HP: 71/90 MP: 6/9
  8364 | D:8      | Identified Sif Muna's Reference Book on Igneous Venom
  8460 | D:8      | Noticed a centaur warrior
  8467 | D:8      | Killed a centaur warrior
  8470 | D:8      | Identified the +1 broad axe of the Moth {chaos, SInv}
  8784 | D:8      | Found a glowing golden altar of the Shining One.
  8802 | D:8      | Noticed Erica
  8807 | D:8      | Killed Erica
  8894 | D:8      | Found a glowing silver altar of Zin.
  9058 | D:9      | Found a white marble altar of Elyvilon.
  9058 | D:9      | Found a shadowy altar of Dithmenos.
  9058 | D:9      | Found a burning altar of Makhleb.
  9131 | D:9      | Noticed an ice statue
  9221 | D:9      | Noticed Maurice
  9233 | D:9      | Killed Maurice
  9234 | D:9      | Reached skill level 12 in Axes
  9247 | D:9      | Found a shimmering altar of Xom.
  9463 | D:9      | Noticed a death yak
  9464 | D:9      | Noticed a death yak
  9465 | D:9      | Found a staircase to the Lair.
  9465 | D:9      | Noticed a death yak
  9469 | D:9      | Reached ***** piety under Trog
  9476 | D:9      | Killed a death yak
  9477 | D:9      | Reached skill level 10 in Shields
  9483 | D:9      | Killed a death yak
  9486 | D:9      | Killed a death yak
  9487 | D:9      | Reached XP level 11. HP: 31/97 MP: 10/10
  9744 | D:9      | Upgraded the game from 0.27-a0-1325-g58a489a to
                  | 0.27-a0-1334-g2746e35
 10113 | D:9      | Found an ancient bone altar of Kikubaaqudgha.
 10209 | D:9      | Found a hazy altar of Hepliaklqana.
 10267 | D:10     | Entered Level 10 of the Dungeon
 10464 | D:10     | Noticed a tengu warrior
 10484 | D:10     | Killed a tengu warrior
 10999 | D:10     | Reached skill level 13 in Axes
 11123 | Lair:1   | Entered Level 1 of the Lair of Beasts
 11165 | Lair:1   | Reached skill level 10 in Fighting
 11213 | Lair:1   | Noticed an oklob plant
 11232 | Lair:1   | Noticed a six-headed hydra
 11381 | Lair:1   | Killed a one-headed hydra
 11916 | Lair:1   | Found the +2 robe of Vines {NoPotionHeal Regen+++}
 11916 | Lair:1   | Noticed an eight-headed hydra
 11926 | Lair:1   | Killed a six-headed hydra
 11927 | Lair:1   | Reached skill level 10 in Armour
 12087 | Lair:2   | Noticed a five-headed hydra
 12229 | D:11     | Noticed Urug
 12244 | D:11     | Killed Urug
 12319 | D:11     | Noticed Harold
 12322 | D:11     | Noticed a two-headed ogre
 12325 | D:11     | Reached XP level 12. HP: 86/108 MP: 11/11
 12328 | D:11     | Killed Harold
 12329 | D:11     | Reached skill level 14 in Axes
 12333 | D:11     | Killed a two-headed ogre
 12340 | D:11     | Noticed Nergalle
 12361 | D:11     | Killed Nergalle
 12372 | D:11     | Succumbed to barbed spike wounds

Illustrated notes

Levels and vault maps discovered:
D:1:      mrwooster_arrival_arrow, layout_loops_ring
D:2:      layout_rooms, basic_altar, hellmonk_ecumenical_altar_crossroads
D:3:      layout_rooms, lemuel_doored_altar, minmay_misc_feat_rugged,
          small_statue_alley_b, minmay_misc_feat_doors, uniq_ijyb, uniq_robin,
          uniq_terence
D:4:      layout_cave_pods, minmay_cupped, uniq_grinder
D:5:      layout_layer_cave, nicolae_overflow_crystal_walls,
          minmay_temple_entry_glass, uniq_blork_the_orc
D:6:      wander_river, layout_loops_ring
D:7:      layout_layer_cave, gammafunk_temple_overflow_elements,
          minmay_tree_intersection, serial_bayou_pond_a, minmay_checkerbox,
          uniq_joseph
D:8:      layout_basic, zin_statuary, tso_metal_star,
          small_chamber_with_monster, uniq_grum, uniq_erica
D:9:      cheibrodos_frozen_isle, layout_stronghold, lemuel_crystal_altar,
          kennysheep_little_box, chequers_temple_overflow_statue_of_worship,
          led_xom_imps, nicolae_hepliaklqana_hippocampus, dpeg_lair_monsters,
          minmay_misc_feat_five, uniq_maurice
D:10:     layout_loops_cross
D:11:     layout_rooms, gauntlet_entry_generic, enter_trove_3,
          makhleb_altar_promises_db, uniq_harold, uniq_nergalle, uniq_urug
Lair:1:   layout_cave_pods, hellmonk_guarded_unrand_vines, grunt_megastairs_4
Lair:2:   layout_roguey, skrybe_swamp_entry_bodies, dummy_spider_entry,
          minivault_25, serial_bayou_shore_b

Skill      XL: |  1  2  3  4  5  6  7  8  9 10 11 12 |
---------------+-------------------------------------+-----
Axes           | 4 5 6 7 8 9 11 12 13 14 | 14.0
Fighting       | 4 5 6 7 8 9 10 11 | 11.1
Armour         | 3 4 5 6 7 9 10 | 10.9
Shields        | 3 5 8 10 12 13 | 13.0
Dodging        | |  2.1

Action                   |  1- 3 |  4- 6 |  7- 9 | 10-12 || total
-------------------------+-------+-------+-------+-------++-------
Melee: Hand axe          |    83 |    93 |   234 |   227 ||   637
       Headbutt          |    14 |    23 |    68 |    63 ||   168
       Broad axe         |       |       |       |     2 ||     2
       Scimitar          |       |       |       |     8 ||     8
Invok: Berserk           |     1 |     2 |     5 |     9 ||    17
       Brothers in Arms  |       |       |       |     1 ||     1
  Use: Scroll            |       |       |    22 |       ||    22
       Potion            |       |       |       |     4 ||     4
Armor: Animal skin       |     3 |       |       |       ||     3
       Acid dragon scale |    18 |    39 |    47 |       ||   104
       Plate armour      |       |       |    32 |    66 ||    98
       Skin              |       |       |    15 |       ||    15
       Chain mail        |       |       |     2 |       ||     2
       Ice dragon scales |       |       |       |    18 ||    18
Dodge: Dodged            |    35 |    40 |    43 |    50 ||   168
Block: Kite shield       |       |       |   117 |   203 ||   320
       Reflection        |       |       |       |    15 ||    15

Table legend: (Time is in decaauts)
 A = Elapsed time spent in this place.
 B = Non-inter-level travel time spent in this place.
 C = Inter-level travel time spent in this place.
 D = Time resting spent in this place.
 E = Time spent auto-exploring this place.
 F = Levels seen in this place.
 G = Mean time per level.
                   A        B        C        D        E       F      G
               +--------+--------+--------+--------+--------+-----+--------+
         Total |  12484 |  11744 |    740 |   2075 |   7947 |  13 |  960.3 |
       Dungeon |  11540 |  10866 |    674 |   1950 |   7373 |  11 | 1049.1 |
          Lair |    943 |    877 |     66 |    125 |    574 |   2 |  471.5 |
               +--------+--------+--------+--------+--------+-----+--------+

Top non-repeatable levels by time:
     D:7: 1806 daAuts
     D:9: 1349 daAuts
     D:5: 1315 daAuts
     D:4: 1288 daAuts
     D:8: 1258 daAuts
     D:1: 1131 daAuts
     D:3: 990 daAuts
  Lair:1: 928 daAuts
    D:10: 881 daAuts
     D:6: 779 daAuts
     D:2: 637 daAuts
    D:11: 101 daAuts
  Lair:2: 15 daAuts
